 Dungeon Crawl Stone Soup version 0.26.0-10-g1f06aea511 (webtiles) character file.

Game seed: 12624433320234745856

4 sanka the Sneak (level 1, -1/9 HPs)
             Began as a Spriggan Enchanter on Jan 29, 2021.
             Slain by an ooze (4 damage)
             ... on level 2 of the Dungeon.
             The game lasted 00:00:28 (250 turns).

sanka the Sneak (Spriggan Enchanter)                 Turns: 250, Time: 00:00:28

Health: -1/9       AC:  2    Str:  4    XL:     1   Next: 58%
Magic:  4/5        EV: 18    Int: 16    God:
Gold:   0          SH:  0    Dex: 16    Spells: 4/5 levels left

rFire    . . .     SeeInvis +   a - +1 dagger
rCold    . . .     Faith    .   (shield restricted)
rNeg     . . .     Spirit   .   b - +0 robe
rPois    .         Reflect  .   (helmet restricted)
rElec    .         Harm     .   (no cloak)
rCorr    .         Rampage  .   (gloves unavailable)
Will     .....                  (boots unavailable)
Stlth    +++.......             (no amulet)
HPRegen  0.03/turn              (no ring)
MPRegen  0.09/turn              (no ring)

@: very quick
A: very small, unfitting armour, see invisible, speed 3
a: no special abilities


You were on level 2 of the Dungeon.
You visited 1 branch of the dungeon, and saw 2 of its levels.


Innate Abilities, Weirdness & Mutations

You are very small and have problems with some larger weapons.
You are too small for most types of armour.
You have supernaturally acute eyesight. (SInv)
You cover ground extremely quickly.


   Skills:
 - Level 1.1 Short Blades
 - Level 3.0 Dodging
 + Level 5.0 Stealth
 - Level 2.6 Spellcasting
 - Level 3.6 Hexes


You had 4 spell levels left.
You knew the following spells:

 Your Spells              Type           Power        Failure   Level
Z - Corona                Hex            14%          4%          1

Your spell library contained the following spells:

 Spells                   Type           Power        Failure   Level
 Confusing Touch          Hex            13%          13%         3
 Tukima's Dance           Hex            13%          13%         3
 Ensorcelled Hibernation  Hex/Ice        14%          14%         2
 Dazzling Flash           Conj/Hex       14%          28%         3

Inventory:

Hand Weapons
 a - a +1 dagger (weapon)
Armour
 b - a +0 robe (worn)
Scrolls
 c - a scroll of magic mapping {unknown}
 d - a scroll of teleportation {unknown}

Dungeon Overview and Level Annotations

Branches:
Dungeon (2/15)

Altars:

▒▒▒▒.▒ £.▒.▒
▒▒...▒▒ ▒▒.▒
..... ...▒
▒..▒ ▒...▒
▒.▒ ....
▒▒▒.▒▒▒....
▒.......▒
▒..i....▒
▒..J.<..▒
▒......▒▒
▒.......▒
▒.......▒
....(.▒...▒
.......▒▒..▒
.......▒▒..▒
.......▒▒▒)▒


You could see an ooze (corona).


Message History

An ooze comes into view.
Found 7 gold pieces.
You hit the rat.
You kill the rat!
Your Stealth skill increases to level 5!
You start resting.
An ooze is nearby!
The ooze quivers.
You see here a scroll labelled HYGIAJ SUHOF.
Aiming: Corona (safe; 4% risk of failure)
Aim: an ooze (chance to affect: 50%)
The ooze is outlined in light.
You hit the ooze.
The ooze is lightly wounded.
The ooze barely misses you.
You hit the ooze but do no damage.
The ooze is lightly wounded.
The ooze hits you.
* * * LOW HITPOINT WARNING * * *
You hit the ooze.
The ooze is moderately wounded.
The ooze hits you.
* * * LOW HITPOINT WARNING * * *
You hit the ooze.
The ooze is moderately wounded.
The ooze barely misses you.
You hit the ooze.
The ooze is moderately wounded.
The ooze hits you.
You die...

Action                   || total
-------------------------++-------
Melee: Dagger            ||    14
 Cast: Corona            ||     2
 Stab: Sleeping          ||     2
Armor: Robe              ||     1
Dodge: Dodged            ||     5

Levels and vault maps discovered:
D:1:      dpeg_arrival_refuge, layout_loops_ring, minmay_hedge_maze
D:2:      layout_basic, marbit_many_paths, tgw_trog,
          nicolae_dithmenos_shadow_blocks

Notes
Turn   | Place    | Note
-------+----------+-------------------------------------------
     0 | D:1      | sanka the Spriggan Enchanter began the quest for the Orb.
     0 | D:1      | Reached XP level 1. HP: 9/9 MP: 5/5
   239 | D:2      | Reached skill level 5 in Stealth
   250 | D:2      | Slain by an ooze

Vanquished Creatures
  2 bats (D:2)
  A kobold (D:1)
  A rat (D:2)
4 creatures vanquished.

Table legend: (Time is in decaauts)
 A = Elapsed time spent in this place.
 B = Non-inter-level travel time spent in this place.
 C = Inter-level travel time spent in this place.
 D = Time resting spent in this place.
 E = Time spent auto-exploring this place.
 F = Levels seen in this place.
 G = Mean time per level.
                   A        B        C        D        E       F      G
               +--------+--------+--------+--------+--------+-----+--------+
         Total |    229 |    229 |      0 |    179 |     13 |   2 |  114.5 |
       Dungeon |    229 |    229 |      0 |    179 |     13 |   2 |  114.5 |
               +--------+--------+--------+--------+--------+-----+--------+

Top non-repeatable levels by time:
     D:2: 196 daAuts
     D:1: 32 daAuts
